 Dungeon Crawl Stone Soup version 0.30-a0-476-g330ca2eb8e (webtiles) character file.

Game seed: 5628424495941510955

26087 PyroL the Thaumaturge (level 13, -10/96 HPs)
             Began as a Djinni Conjurer on Dec 21, 2022.
             Was an Elder of Makhleb.
             Mangled by a minotaur
             ... wielding a +0 vampiric lajatang
              (37 damage)
             ... in a Gauntlet on Dec 22, 2022.
             The game lasted 01:05:12 (16740 turns).

PyroL the Thaumaturge (Djinni Conjurer)            Turns: 16740, Time: 01:05:12

Health: -10/96     AC: 12    Str:  6    XL:     13   Next: 55%
Gold:   1619       EV: 12    Int: 21    God:    Makhleb [****..] SH: 11 Dex: 13

rFire   + + .      SeeInvis .    G - +0 demon whip (venom)
rCold   x . .      Faith    .    K - +2 kite shield
rNeg    . . .      Spirit   .    L - +0 acid dragon scales
rPois   ∞          Reflect  .    (no helmet)
rElec   .          Harm     .    F - +1 cloak
rCorr   +          Rampage  .    M - +3 Mad Mage's Maulers {Infuse+∞ RegenMP Int-3}
Will    +....      NoTele   +    (boots unavailable)
Stlth   +.........               y - amulet of regeneration
HPRegen 1.16/turn                (no ring)
MPRegen 0.00/turn                (no ring)

@: mighty, flying, very slightly contaminated, invisible (expiring)
A: sickness immunity, fire resistance 2, cold vulnerability 1, float, innate
caster, HP casting, extra vitality 1
a: Renounce Religion, Minor Destruction, Lesser Servant of Makhleb, Major
Destruction


You were in a Gauntlet.
You worshipped Makhleb.
Makhleb was greatly pleased with you.
You visited 4 branches of the dungeon, and saw 15 of its levels.
You also visited: Ossuary and Gauntlet.

You collected 1661 gold pieces.
You spent 42 gold pieces at shops.

Inventory:

Hand Weapons
 G - a +0 demon whip of venom (weapon)
Armour
 w - +0 steam dragon scales
 F - a +1 cloak (worn)
 H - a +2 robe of willpower
 K - a +2 kite shield (worn)
 L - +0 acid dragon scales (worn)
 M - the +3 Mad Mage's Maulers (worn) {Infuse+∞ RegenMP Int-3}
   (You found it in a Gauntlet)

   It empowers its wearer's blows with all of their magic.
   It causes its wearer's magical reserves to regenerate more quickly.
   Int:       It affects your intelligence (-3).
Jewellery
 y - an amulet of regeneration (around neck)
Wands
 g - a wand of roots (6)
 t - a wand of mindburst (6)
 E - a wand of flame (34)
 I - a wand of light (6)
Scrolls
 d - 2 scrolls of enchant weapon
 k - 6 scrolls of teleportation
 l - a scroll of torment
 m - 2 scrolls of vulnerability
 o - a scroll of blinking
 p - 4 scrolls of fog
 r - 2 scrolls of fear
 u - a scroll of magic mapping
 v - 4 scrolls of poison
 C - a scroll of summoning {unknown}
 D - a scroll of enchant armour {unknown}
Potions
 b - 6 potions of mutation
 c - a potion of brilliance {unknown}
 e - 7 potions of heal wounds
 f - 2 potions of flight {unknown}
 h - 2 potions of invisibility
 i - 9 potions of curing
 j - 3 potions of lignification
 n - 2 potions of might
 q - 3 potions of haste {unknown}
 s - 5 potions of attraction
 x - a potion of ambrosia {unknown}
 z - a potion of cancellation {unknown}
 B - a potion of berserk rage {unknown}
Miscellaneous
 a - a phantom mirror
 J - a condenser vane


   Skills:
 - Level 10.0 Fighting
 - Level 10.0 Dodging
 - Level 1.5 Stealth
 - Level 5.0 Shields
 - Level 11.2 Spellcasting
 + Level 7.3 Invocations
 - Level 7.0 Evocations


You had one spell level left.
You knew the following spells:

 Your Spells              Type           Power      Damage    Failure   Level
a - Magic Dart            Conj           100%       1d8       1%          1
b - Searing Ray           Conj           100%       2d8       1%          2
c - Dazzling Flash        Conj/Hex       100%       N/A       1%          3
d - Fulminant Prism       Conj/Hex       28%        3d14      3%          4
e - Iskenderun's Mystic   Conj/Tloc      56%        2d12      3%          4
f - Apportation           Tloc           100%       N/A       1%          1
g - Static Discharge      Conj/Air       100%       2-7/arc   1%          2
h - Poisonous Vapours     Pois/Air       100%       N/A       1%          2
i - Dispel Undead         Necr           56%        3d20      3%          4
j - Freezing Cloud        Conj/Ice/Air   28%        6-21      9%          5
k - Metabolic Englaciati  Hex/Ice        28%        N/A       9%          5
Your spell library was empty.

Dungeon Overview and Level Annotations

Branches:
Dungeon (11/15)            Temple (1/1) D:7            Lair (1/5) D:11
    Orc (2/2) D:11            Elf (0/3) Orc:2       Ossuary (visited)
Gauntlet (1/1)

Altars:
Ashenzari
Cheibriados
Dithmenos
Elyvilon
Fedhas
Gozag
Hepliaklqana
Makhleb
Nemelex Xobeh
Okawaru
Qazlal
Ru
Trog
Uskayaw
Wu Jian
Xom
Yredelemnul
Zin
The Shining One
Lugonu

Shops:
Orc:2 ![!

Annotations:
D:9 3 runed translucent doors, bande's ghost, journeyman GrFi
Orc:2 3 exclusions Gauntlet 4 transporters


Innate Abilities, Weirdness & Mutations

You are immune to sickness and miasma.
You are immune to poison.
Your flesh is very heat resistant. (rF++)
You are vulnerable to cold. (rC-)
You float through the air rather than walking.
You learn spells naturally, not from books.
Your magical power is your life essence.
You have superior vitality. (+4 MHP)


Message History

Aiming: Major Destruction (9% risk of failure)
Press: ? - help, Shift-Dir - straight line, f/p - minotaur
Aim: a minotaur, wielding a +0 vampiric lajatang, wearing a +4 chain mail of fire resistance, wearing a ring of wizardry and quivering javelins (heavily wounded, unable to see you, very poisoned)
The bolt of magma hits the minotaur!
The minotaur partially resists.
The minotaur is severely wounded.
The minotaur throws a javelin.
The javelin barely misses you.
Casting: Iskenderun's Mystic Blast (dangerous; 3% risk of failure)
Confirm with . or Enter, or press ? or * to list all spells.
Aiming: Searing Ray (safe; 1% risk of failure)
Press: ? - help, Shift-Dir - straight line, f/p - minotaur
Aim: a minotaur, wielding a +0 vampiric lajatang, wearing a +4 chain mail of fire resistance, wearing a ring of wizardry and quivering javelins (severely wounded, unable to see you, very poisoned, 90% to hit)
Okay, then.
Casting: Searing Ray (safe; 1% risk of failure)
Confirm with . or Enter, or press ? or * to list all spells.
Aiming: Fulminant Prism (dangerous; 3% risk of failure)
Press: ? - help, Dir - move target, p - minotaur You conjure a prism of explosive energy!
* * * LOW HITPOINT WARNING * * *
A fulminant prism comes into view.
You flicker for a moment.
The minotaur throws a javelin.
The javelin closely misses you.
Casting: Fulminant Prism (dangerous; 3% risk of failure)
Confirm with . or Enter, or press ? or * to list all spells.
Aiming: Searing Ray (safe; 1% risk of failure)
Press: ? - help, Shift-Dir - straight line, f - minotaur
Aim: a minotaur, wielding a +0 vampiric lajatang, wearing a +4 chain mail of fire resistance, wearing a ring of wizardry and quivering javelins (severely wounded, unable to see you, very poisoned, ally target, 90% to hit)
The searing ray hits the minotaur!
The minotaur is severely wounded. (Press . to maintain the ray.)
* * * LOW HITPOINT WARNING * * *
Your fulminant prism crackles loudly.
Unknown command.
Casting: Searing Ray (safe; 1% risk of failure)
Confirm with . or Enter, or press ? or * to list all spells.
You erupt in a blast of force!
The mystic blast hits the minotaur but does no damage.
The minotaur is severely wounded.
* * * LOW HITPOINT WARNING * * *
The minotaur hits you with a +0 vampiric lajatang!!!
You die...

############################
#8##≈...............≈##8#
####8.8.8..©.©..8.8§8####
#≈...............§#
#########.#########
#.............#
#.#####.#####.# #.....#
######@# #8.8##H# #.∩....#
#8.8#*## ### #.# ..# ####


You could see a minotaur (unable to see you, very poisoned, ally target) and a
friendly fulminant prism.

Vanquished Creatures
  An orc warlord (Orc:1)
  A soul eater (Gauntlet)
  Amaemon (D:9)
  A fire crab (Gauntlet)
  Pikel (D:8)
  An oklob plant (Gauntlet)
  3 orc knights
  3 orc sorcerers
  A cyclops (D:11)
  Joseph (D:9)
  A gargoyle (D:10)
  A cane toad (Lair:1)
  An orange demon (D:9)
  A rime drake (D:10)
  An unseen horror (D:11)
  Maggie (D:9)
  3 kobold demonologists (D:11)
  A hellwing (Orc:1)
  8 trolls
  A tarantella (shapeshifter) (D:11)
  Prince Ribbit (D:5)
  6 hornets
  A vampire (D:11)
  A shadow (D:11)
  A wyvern (D:9)
  A wraith (D:11)
  2 basilisks (Lair:1)
  24 yaks
  Grum (D:10)
  2 fire bats (Gauntlet)
  3 wargs (Orc:1)
  3 acid dragons
  3 water moccasins
  26 orc warriors
  4 ice beasts
  A sky beast (D:7)
  5 ogres
  4 black bears
  6 wolves (D:10)
  7 centaurs
  4 lemures (D:8)
  A phantom (D:6)
  6 kobold brigands
  4 gnoll sergeants
  3 bullfrogs
  3 scorpions
  8 killer bees
  A howler monkey (D:7)
  3 jellies
  15 orc priests
  Crazy Yiuf (D:7)
  5 hounds
  A gnoll bouda (D:7)
  5 iguanas
  18 orc wizards
  8 mummies (Ossuary)
  17 gnolls
  8 adders
  4 shadow imps (Gauntlet)
  3 white imps
  An ufetubus (D:5)
  2 dart slugs
  3 worms
  71 orcs
  6 endoplasms
  4 giant cockroaches (D:4)
  A gnoll zombie (Ossuary)
  7 goblins
  6 hobgoblins
  3 jackals
  5 quokkas
  5 ball pythons
  6 bats
  3 frilled lizards
  3 hobgoblin zombies (Ossuary)
  24 kobolds
  2 kobold zombies (Ossuary)
  2 orc zombies (Ossuary)
  7 rats
414 creatures vanquished.

Vanquished Creatures (others)
  4 demonic plants (D:11)
  25 fulminant prisms
  4 fungi (D:7)
  2 plants (D:11)
35 creatures vanquished.

Grand Total: 449 creatures vanquished

Notes
Turn   | Place    | Note
-------+----------+-------------------------------------------
     0 | D:1      | PyroL the Djinni Conjurer began the quest for the Orb.
     0 | D:1      | PyroL set off with the following spells memorised: Magic
                  | Dart, Searing Ray, Dazzling Flash, Fulminant Prism,
                  | Iskenderun's Mystic Blast.
     0 | D:1      | Reached XP level 1. HP: 15/15 MP: 0/0
    45 | D:1      | Reached skill level 1 in Fighting
    45 | D:1      | Reached XP level 2. HP: 7/22 MP: 0/0
   220 | D:1      | Found a faded altar of an unknown god.
   503 | D:1      | Reached XP level 3. HP: 26/27 MP: 0/0
   503 | D:1      | Learned a level 1 spell: Apportation
   952 | D:2      | Reached XP level 4. HP: 31/33 MP: 0/0
  1283 | D:2      | Reached skill level 4 in Spellcasting
  1401 | D:3      | Noticed an ice beast
  1446 | D:3      | Reached XP level 5. HP: 37/40 MP: 0/0
  1446 | D:3      | Learned a level 2 spell: Static Discharge
  1873 | D:4      | Reached XP level 6. HP: 15/47 MP: 0/0
  1891 | D:4      | Found a sand-covered staircase.
  1897 | Ossuary  | Entered an ossuary
  2064 | Ossuary  | HP: 1/47 [mummy (2)]
  2896 | D:4      | Reached XP level 7. HP: 38/53 MP: 0/0
  2896 | D:4      | Learned a level 2 spell: Poisonous Vapours
  3176 | D:4      | Reached skill level 5 in Spellcasting
  3797 | D:4      | Reached skill level 5 in Fighting
  4285 | D:5      | Entered Level 5 of the Dungeon
  4430 | D:5      | Noticed Prince Ribbit
  4434 | D:5      | Killed Prince Ribbit
  4435 | D:5      | Reached XP level 8. HP: 52/61 MP: 0/0
  4449 | D:5      | Reached skill level 6 in Spellcasting
  5047 | D:5      | Reached XP level 9. HP: 67/68 MP: 0/0
  5047 | D:5      | Learned a level 4 spell: Dispel Undead
  5375 | D:6      | Found a white marble altar of Elyvilon.
  5375 | D:6      | Found a shadowy altar of Dithmenos.
  5537 | D:6      | Reached skill level 7 in Spellcasting
  5956 | D:7      | Noticed a hornet
  5961 | D:7      | Killed a hornet
  6296 | D:7      | Found a staircase to the Ecumenical Temple.
  6338 | Temple   | Entered the Ecumenical Temple
  6368 | Temple   | Became a worshipper of Makhleb the Destroyer
  6490 | D:7      | Noticed a hornet
  6494 | D:7      | Killed a hornet
  6495 | D:7      | Reached skill level 5 in Dodging
  6697 | D:7      | Reached XP level 10. HP: 59/76 MP: 0/0
  6702 | D:7      | Reached skill level 8 in Spellcasting
  6930 | D:7      | Found a runed translucent door.
  6931 | D:7      | Noticed Crazy Yiuf
  6947 | D:7      | Killed Crazy Yiuf
  7703 | D:8      | Noticed Pikel
  7710 | D:8      | Killed Pikel
  7710 | D:8      | Reached * piety under Makhleb
  8614 | D:9      | Noticed Maggie
  8731 | D:9      | Killed Maggie
  8948 | D:9      | Noticed Joseph
  8958 | D:9      | Killed Joseph
  8959 | D:9      | Reached skill level 9 in Spellcasting
  9078 | D:9      | Reached XP level 11. HP: 23/81 MP: 0/0
  9078 | D:9      | Learned a level 5 spell: Freezing Cloud
  9486 | D:9      | Noticed Amaemon
  9511 | D:9      | Killed Amaemon
  9897 | D:9      | Found a runed translucent gate.
  9897 | D:9      | Found a runed translucent gate.
  9897 | D:9      | Found a runed translucent gate.
  9898 | D:9      | Noticed bande's ghost (journeyman GrFi)
  9943 | D:9      | Reached skill level 10 in Spellcasting
 10192 | D:10     | Entered Level 10 of the Dungeon
 10198 | D:10     | Noticed Grum
 10213 | D:10     | Killed Grum
 10214 | D:10     | Reached ** piety under Makhleb
 10545 | D:10     | Found a hide-covered altar of Uskayaw.
 10798 | D:11     | Found a staircase to the Lair.
 11209 | D:10     | Reached XP level 12. HP: 83/91 MP: 0/0
 11335 | D:10     | Reached skill level 10 in Fighting
 11335 | D:10     | Reached skill level 10 in Dodging
 11335 | D:10     | Reached skill level 1 in Invocations
 11787 | D:11     | Found a corrupted altar of Lugonu.
 11810 | D:11     | Noticed a sixfirhy
 12084 | D:11     | Reached skill level 5 in Invocations
 12131 | D:11     | Found a shimmering altar of Xom.
 12332 | D:11     | Found a staircase to the Orcish Mines.
 12343 | D:11     | Reached *** piety under Makhleb
 12533 | Orc:1    | Entered Level 1 of the Orcish Mines
 12550 | Orc:1    | Reached skill level 1 in Evocations
 12555 | Orc:1    | Reached skill level 1 in Shields
 12636 | Orc:1    | Noticed an orc warlord
 12653 | Orc:1    | Killed an orc warlord
 12852 | Orc:2    | Entered Level 2 of the Orcish Mines
 12907 | Orc:2    | Found Enaxapig's Distillery.
 12918 | Orc:2    | Bought a potion of lignification for 42 gold pieces
 13037 | Orc:1    | Reached XP level 13. HP: 66/96 MP: 0/0
 13037 | Orc:1    | Learned a level 5 spell: Metabolic Englaciation
 13045 | Orc:1    | Reached skill level 5 in Evocations
 13049 | Orc:1    | Reached **** piety under Makhleb
 14475 | Orc:2    | Found Billek's Antique Armour Shoppe.
 14666 | Orc:2    | Found Secous's Distillery.
 14821 | Orc:2    | Found a staircase to the Elven Halls.
 15082 | Orc:2    | Reached skill level 5 in Shields
 15473 | Lair:1   | Entered Level 1 of the Lair of Beasts
 15658 | Lair:1   | Found a gate leading to a gauntlet.
 15668 | Gauntlet | Entered a Gauntlet
 15668 | Gauntlet | Noticed a ghost crab
 15668 | Gauntlet | Found a transporter.
 15668 | Gauntlet | Found a transporter.
 15668 | Gauntlet | Found a transporter.
 15669 | Gauntlet | Found a transporter.
 15672 | Gauntlet | Found a transporter.
 15679 | Gauntlet | Noticed a blizzard demon
 15686 | Gauntlet | Found the +3 Mad Mage's Maulers {Infuse+∞ RegenMP Int-3}
 15687 | Gauntlet | Found a transporter.
 15688 | Gauntlet | Found a transporter.
 15697 | Gauntlet | Found a transporter.
 15703 | Gauntlet | Found a transporter.
 15725 | Gauntlet | Found a transporter.
 15731 | Gauntlet | Found a transporter.
 15853 | Gauntlet | Found a transporter.
 16159 | Gauntlet | Reached skill level 11 in Spellcasting
 16719 | Gauntlet | Noticed a minotaur
 16740 | Gauntlet | Mangled by a minotaur

Illustrated notes

Levels and vault maps discovered:
D:1:      minmay_arrival_stone_box, layout_basic,
          hellmonk_ecumenical_altar_run_dry
D:2:      layout_rooms, grunt_ministairs_2, minivault_23, corner_web_ring,
          minivault_26
D:3:      layout_rooms
D:4:      layout_loops_ring, nicolae_ossuary_entry_plus
D:5:      layout_rooms, serial_curves, eino_curves_01, eino_curves_01,
          kennysheep_small_square, uniq_prince_ribbit1
D:6:      layout_gridville, gammafunk_temple_overflow_statue
D:7:      layout_rooms, minmay_temple_entry_enclosed_plants,
          uniq_crazy_yiuf_cottage
D:8:      layout_gridville, uniq_pikel
D:9:      layout_loops_ring, gammafunk_ghost_necromancy, uniq_joseph,
          uniq_amaemon, uniq_maggie
D:10:     layout_rooms, nicolae_uskayaw_murder_on_the_dancefloor, uniq_grum
D:11:     kennysheep_kobold_lugonu_temple, layout_loops_ring,
          hellmonk_lair_entry_icy, kennysheep_orc_monster_closet_entryway,
          minmay_misc_feat_tiny, xom_confusion_cloud
Temple:   hellmonk_temple_of_storms
Lair:1:   layout_long_grid, gauntlet_entry_generic
Orc:1:    layout_caves, mines2_david
Orc:2:    pf_orc_diabolical, layout_diamond_mine, serial_shops,
          nicolae_shop_waterfront, nicolae_shop_window_shopping, shop,
          nicolae_shop_advertising_works [nicolae_subvault_shop_adworks]
Gauntlet: gammafunk_gauntlet_shortcut [nicolae_gauntlet_arena_quarters,
          gammafunk_gauntlet_arena_chambers, gammafunk_gauntlet_arena_open,
          nicolae_gauntlet_arena_x, gammafunk_gauntlet_arena_crates,
          gammafunk_gauntlet_arena_corners, dreamdust_gauntlet_exit_labyrinth]

Skill      XL: |  1  2  3  4  5  6  7  8  9 10 11 12 13 |
---------------+----------------------------------------+-----
Fighting       | 1 2 3 4 6 7 9 10 | 10.0
Spellcasting   | 4 5 6 7 9 10 11 | 11.2
Dodging        | 5 8 9 10 | 10.0
Invocations    | 7 |  7.3
Evocations     | 4 7 |  7.0
Shields        | 3 5 |  5.0
Stealth        | |  1.5

Action                   |  1- 3 |  4- 6 |  7- 9 | 10-12 | 13-15 || total
-------------------------+-------+-------+-------+-------+-------++-------
Melee: Club              |     3 |       |       |       |       ||     3
       Unarmed           |     2 |       |       |       |       ||     2
       Spear             |       |    26 |     2 |       |       ||    28
       Dagger            |       |       |     9 |    14 |       ||    23
       Demon whip        |       |       |       |    37 |    21 ||    58
 Cast: Magic Dart        |    66 |    94 |   125 |   107 |     6 ||   398
       Searing Ray       |       |    11 |    30 |    82 |    30 ||   153
       Static Discharge  |       |     3 |     7 |     6 |     4 ||    20
       Poisonous Vapours |       |       |    32 |   121 |    52 ||   205
       Fulminant Prism   |       |       |     7 |    11 |     8 ||    26
       Iskenderun's Myst |       |       |     4 |    23 |    28 ||    55
       Dazzling Flash    |       |       |       |     4 |     1 ||     5
       Dispel Undead     |       |       |       |     3 |       ||     3
       Freezing Cloud    |       |       |       |    15 |    24 ||    39
       Metabolic Englaci |       |       |       |       |     7 ||     7
Invok: Major Destruction |       |       |       |       |     2 ||     2
       Lesser Servant of |       |       |       |       |     1 ||     1
  Use: Scroll            |     1 |     6 |       |     7 |     2 ||    16
       Potion            |       |     2 |       |     1 |     4 ||     7
Armor: Robe              |     4 |     8 |    11 |    15 |       ||    38
       Steam dragon scal |       |       |       |    44 |    11 ||    55
       Acid dragon scale |       |       |       |       |     2 ||     2
Dodge: Dodged            |    14 |    28 |    75 |   222 |    61 ||   400
Block: Kite shield       |       |       |       |    10 |    54 ||    64

Table legend: (Time is in decaauts)
 A = Elapsed time spent in this place.
 B = Non-inter-level travel time spent in this place.
 C = Inter-level travel time spent in this place.
 D = Time resting spent in this place.
 E = Time spent auto-exploring this place.
 F = Levels seen in this place.
 G = Mean time per level.
                   A        B        C        D        E       F      G
               +--------+--------+--------+--------+--------+-----+--------+
         Total |  16765 |  16379 |    386 |   6197 |   6937 |  17 |  986.2 |
       Dungeon |  11589 |  11243 |    346 |   3544 |   5767 |  11 | 1053.5 |
        Temple |     43 |     43 |      0 |      0 |      8 |   1 |   43.0 |
          Lair |    194 |    194 |      0 |      0 |    105 |   1 |  194.0 |
  Orcish Mines |   2874 |   2834 |     40 |   1551 |    637 |   2 | 1437.0 |
       Ossuary |    988 |    988 |      0 |    531 |    321 |   1 |  988.0 |
      Gauntlet |   1075 |   1075 |      0 |    571 |     99 |   1 | 1075.0 |
               +--------+--------+--------+--------+--------+-----+--------+

Top non-repeatable levels by time:
     D:9: 1634 daAuts
   Orc:2: 1540 daAuts
    D:11: 1539 daAuts
     D:8: 1481 daAuts
     D:4: 1454 daAuts
   Orc:1: 1333 daAuts
     D:7: 1079 daAuts
Gauntlet: 1075 daAuts
 Ossuary: 988 daAuts
     D:6: 893 daAuts
    D:10: 887 daAuts
     D:1: 825 daAuts
     D:5: 775 daAuts
     D:2: 584 daAuts
     D:3: 433 daAuts
